 Dungeon Sprint DCSS version 0.21.2 (webtiles) character file.

3400000 Fang the Axe Maniac (level 18, -8/182 HPs)
             Began as a Demonspawn Gladiator on Jan 24, 2019.
             Was an Elder of Makhleb.
             Mangled by a destroyer
             ... wielding a +9 great sword of slicing
              (141 damage)
             ... in the Dungeon (Sprint VIII: "Arena of Blood").
             The game lasted 00:00:52 (34 turns).

Fang the Axe Maniac (Demonspawn Gladiator)            Turns: 34, Time: 00:00:52

Health: -8/182     AC:  6    Str: 22    XL:     18   Next: 37%
Magic:  18/18      EV: 31    Int: 11    God:    Makhleb [****..]
Gold:   0          SH:  0    Dex: 14    Spells: 17/17 levels left

rFire    + . .     SeeInvis .   l - +∞ Axe of Woe
rCold    . . .     Gourm    .   (shield currently unavailable)
rNeg     . . .     Faith    .   b - +0 leather armour
rPois    .         Spirit   .   c - +0 helmet
rElec    .         Reflect  .   (no cloak)
rCorr    .         Harm     .   (no gloves)
MR       +....     NoTele   +   (boots unavailable)
Stlth    +++++.....             (no amulet)
HPRegen  0.40/turn              (no ring)
MPRegen  0.16/turn              (no ring)

@: no status effects
A: hooves 3, fire resistance 1, nightstalker 2, spiny 3, sturdy frame 3
a: Minor Destruction, Lesser Servant of Makhleb, Major Destruction, Renounce
Religion


You were in the Dungeon.
You worshipped Makhleb.
Makhleb was greatly pleased with you.
You were not hungry.

You visited 1 branch

Inventory:

Hand Weapons
 a - a +0 war axe
 l - the +∞ Axe of Woe (weapon)
   (You found it in the Dungeon)
Missiles
 d - 3 throwing nets (quivered)
Armour
 b - a +0 leather armour (worn)
 c - a +0 helmet (worn)
Scrolls
 k - a scroll of blinking
Potions
 e - a potion of curing
 g - a potion of heal wounds
 h - a potion of haste
 i - 2 potions of magic
 j - a potion of berserk rage
Comestibles
 f - a ration


   Skills:
 O Level 27 Fighting
 O Level 27 Axes
 + Level 25.0 Throwing
 + Level 11.7 Armour
 O Level 27 Dodging
 + Level 7.2 Stealth


You had 17 spell levels left.
You didn't know any spells.

Dungeon Overview and Level Annotations

Branches:
Dungeon (1/1)

Altars:
Makhleb


Innate Abilities, Weirdness & Mutations

You have hooves in place of feet.
Your flesh is heat resistant. (rF+)
You are significantly more attuned to the shadows.
You are completely covered in sharp spines.
Your movements are significantly less encumbered by armour. (ER -6)


Message History

You have mastered Fighting!
Your Throwing skill gained 4 levels and is now at level 25!
Your Armour skill gained 2 levels and is now at level 11!
Your Stealth skill gained 2 levels and is now at level 7!
You have reached level 18!
Your experience leads to an increase in your attributes!
Increase (S)trength, (I)ntelligence, or (D)exterity?
You feel stronger.
Your demonic ancestry asserts itself...
You feel resistant to heat.
You are engulfed in blazing flames.
You resist.
You hear a shout! x10
Unknown command.
You hear a shout! x11
You hear a shout! x7
A destroyer comes into view.
It is wielding a +9 great sword of slicing.
Unknown command.
The destroyer shouts!
You hear a shout! x6
The destroyer hits you with a +9 great sword of slicing!!!!
Ouch! That really hurt!
You die...

...... .........
#.......# ..
#.......#
...###... ...###.
........###......
#.....V.._.@.....
.#..%V.#....
#_)§§§# ...
.#))§§§#....
......)§§§.....
......###D.....
..###... .%###. .
#... ..# #....
..#


You could see an eight-headed meat hydra and 2 destroyers.

Vanquished Creatures
  5 ogres (D)
  A two-headed ogre (D)
  5 orcs (D)
11 creatures vanquished.

Notes
Turn   | Place    | Note
-------+----------+-------------------------------------------
     0 | D        | Found the +∞ Axe of Woe
     0 | D        | Fang the Demonspawn Gladiator began the quest for the Orb.
     0 | D        | Reached XP level 1. HP: 16/16 MP: 1/1
     3 | D        | Noticed a meat berserker
     4 | D        | Became a worshipper of Makhleb the Destroyer
     5 | D        | Noticed a meat berserker
     5 | D        | Killed a meat berserker
     5 | D        | Gained mutation: Your movements are slightly less encumbered by armour. (ER -2) [demonic ancestry]
     5 | D        | Reached XP level 2. HP: 38/38 MP: 2/2
     5 | D        | Reached XP level 3. HP: 44/44 MP: 3/3
     5 | D        | Reached XP level 4. HP: 51/51 MP: 4/4
     5 | D        | Gained mutation: Your movements are less encumbered by armour. (ER -4) [demonic ancestry]
     5 | D        | Reached XP level 5. HP: 57/57 MP: 5/5
     5 | D        | Gained mutation: You have large cloven feet. [demonic ancestry]
     5 | D        | Reached XP level 6. HP: 64/64 MP: 6/6
     5 | D        | Gained mutation: You are partially covered in sharp spines. [demonic ancestry]
     5 | D        | Reached XP level 7. HP: 69/69 MP: 7/7
     5 | D        | Gained mutation: You have hoof-like feet. [demonic ancestry]
     5 | D        | Reached XP level 8. HP: 76/76 MP: 8/8
     5 | D        | Gained mutation: You are mostly covered in sharp spines. [demonic ancestry]
     5 | D        | Reached XP level 9. HP: 82/82 MP: 9/9
     5 | D        | Reached XP level 10. HP: 89/89 MP: 10/10
     5 | D        | Gained mutation: You are completely covered in sharp spines. [demonic ancestry]
     5 | D        | Reached XP level 11. HP: 95/95 MP: 11/11
     5 | D        | Reached XP level 12. HP: 102/102 MP: 12/12
     5 | D        | Gained mutation: You have hooves in place of feet. [demonic ancestry]
     5 | D        | Reached XP level 13. HP: 107/107 MP: 13/13
     7 | D        | Killed a meat berserker
     7 | D        | Reached * piety under Makhleb
     7 | D        | Reached XP level 14. HP: 119/119 MP: 14/14
     8 | D        | Noticed a bag of meat
     9 | D        | Noticed a meat berserker
    10 | D        | Noticed a bag of meat
    11 | D        | Noticed a bag of meat
    11 | D        | Killed a meat berserker
    11 | D        | Reached skill level 15 in Fighting
    11 | D        | Gained mutation: You are slightly more attuned to the shadows. [demonic ancestry]
    11 | D        | Reached XP level 15. HP: 129/129 MP: 15/15
    17 | D        | Reached ** piety under Makhleb
    17 | D        | Reached skill level 1 in Armour
    17 | D        | Reached skill level 15 in Throwing
    17 | D        | Gained mutation: You are significantly more attuned to the shadows. [demonic ancestry]
    17 | D        | Reached XP level 16. HP: 107/141 MP: 16/16
    17 | D        | Reached skill level 27 in Axes
    17 | D        | Reached *** piety under Makhleb
    17 | D        | Reached skill level 27 in Dodging
    19 | D        | Noticed a meat berserker
    23 | D        | Killed a meat berserker
    23 | D        | Gained mutation: Your movements are significantly less encumbered by armour. (ER -6) [demonic ancestry]
    23 | D        | Reached XP level 17. HP: 95/164 MP: 17/17
    25 | D        | Noticed a meat berserker
    25 | D        | Noticed a large bag of meat
    26 | D        | Killed a meat berserker
    26 | D        | Reached skill level 5 in Stealth
    27 | D        | Noticed a large bag of meat
    28 | D        | Noticed a destroyer
    30 | D        | Noticed an eight-headed meat hydra
    31 | D        | Killed a large bag of meat
    31 | D        | Reached **** piety under Makhleb
    31 | D        | Reached skill level 27 in Fighting
    31 | D        | Gained mutation: Your flesh is heat resistant. (rF+) [demonic ancestry]
    31 | D        | Reached XP level 18. HP: 141/182 MP: 18/18
    34 | D        | Noticed a destroyer
    34 | D        | Mangled by a destroyer

Skill      XL: |  1  2  3  4  5  6  7  8  9 10 11 12 13 14 15 16 17 |
---------------+----------------------------------------------------+-----
Fighting       | 11 13 15 17 23 27 | 27.0
Axes           | 18 21 23 26 27 | 27.0
Throwing       | 11 12 13 15 19 25 | 25.0
Dodging        | 18 21 23 26 27 | 27.0
Armour         | 1 7 11 | 11.7
Stealth        | 3 7 |  7.2

Action                   |  1- 3 |  4- 6 |  7- 9 | 10-12 | 13-15 | 16-18 || total
-------------------------+-------+-------+-------+-------+-------+-------++-------
Melee: Executioner's axe |     1 |       |       |       |     4 |     3 ||     8
Dodge: Dodged            |       |       |       |       |     3 |       ||     3
